AoeStats
← Taisst

Fortress

509718513Analyzed
4v4 RM · 6d ago on Sep 27, 2026· 41m 57s· 8 players
Game mode
Random Map
Map size
Huge
Population
200
Speed
Normal
Resources
Standard
Victory
Conquest
Starting age
Dark Age
Ending age
Imperial Age
RankedLock teamsTeams togetherTeam positionsShared explorationLock speedFull tech treeHidden civsTurbo modeCheats
Victory
Defeat
🇨🇴 Varangians · Colombia
1546
+16
🇩🇪 Romans · Germany
1537
+17
🇺🇸 Bohemians · United States
1510
+18
🇨🇴 Khmer · Colombia
1470
+19
🇫🇷 Bohemians · France
1676
-23
🇲🇦 Slavs · Morocco
1587
-19
🇫🇷 Teutons · France
1520
-16
🇫🇷 Hindustanis · France
1404
-12
peah90
7:20 Feudal Age
11:11 Castle Age
9:28 Double-Bit Axe
9:54 Horse Collar
11:31 Loom
13:29 Wheelbarrow
12:39 Town Watch
14:23 Wheelbarrow
16:06 Bow Saw
19:58 Hand Cart
27:08 Imperial Age
24:46 Heavy Plow
25:31 Ballistics
26:34 Ballistas
29:11 Chemistry
28:15 Pikeman
28:56 Squires
31:13 Heavy Scorpion
32:40 Conscription
34:07 Forging
33:57 Scale Mail Armor
34:32 Siege Engineers
37:01 Iron Casting
36:41 Chain Mail Armor
36:43 Capped Ram
38:11 Masonry
38:07 Siege Ram
Ux'LeonzAoe
7:58 Feudal Age
11:38 Castle Age
9:25 Double-Bit Axe
9:59 Horse Collar
12:31 Bow Saw
12:23 Heavy Plow
14:30 Fervor
17:42 Wheelbarrow
20:14 Hand Cart
22:25 Scale Barding Armor
22:31 Forging
22:46 Bloodlines
22:36 Husbandry
23:01 Gold Mining
24:02 Chain Barding Armor
24:02 Loom
24:03 Town Watch
25:43 Iron Casting
25:09 Stone Mining
29:21 Imperial Age
27:35 Devotion
27:44 Vendel Legacy
29:23 Elite Jarl
30:25 Conscription
31:33 Crop Rotation
32:04 Two-Man Saw
31:52 Plate Barding Armor
32:18 Blast Furnace
37:55 Chemistry
37:18 Ballistics
37:59 Chemistry
37:10 Masonry
37:12 Fortified Wall
37:25 Fletching
37:42 Siege Engineers
38:09 Scale Mail Armor
37:32 Gothikon
38:33 Elite Varangian Guard
38:59 Gambesons
39:15 Squires
39:00 Arson
39:15 Capped Ram
40:53 Caravan
40:47 Siege Ram
Mis
8:29 Feudal Age
9:07 Double-Bit Axe
12:17 Castle Age
10:32 Horse Collar
13:00 Wheelbarrow
13:07 Bow Saw
12:59 Heavy Plow
15:10 Heavy Plow
17:58 Hand Cart
18:33 Loom
19:00 Fortified Wall
20:01 Pikeman
22:52 Masonry
24:34 Scale Mail Armor
29:23 Imperial Age
27:37 Squires
28:45 Chemistry
29:36 Fletching
30:42 Halberdier
33:42 Forging
33:55 Scale Mail Armor
36:12 Squires
36:28 Chain Mail Armor
39:48 Arson
40:34 Plate Mail Armor
40:40 Iron Casting
le Julianchy
7:38 Feudal Age
10:21 Castle Age
8:15 Double-Bit Axe
9:12 Horse Collar
11:47 Bow Saw
12:01 Heavy Plow
17:40 Wheelbarrow
19:37 Hand Cart
19:34 Loom
21:19 Gold Mining
22:13 Stone Mining
23:22 Gold Shaft Mining
26:36 Imperial Age
24:24 Scale Barding Armor
24:30 Forging
26:17 Iron Casting
25:43 Scale Mail Armor
25:35 Pikeman
26:59 Chain Mail Armor
27:06 Chain Barding Armor
27:12 Bloodlines
27:15 Husbandry
27:22 Tusk Swords
27:41 Halberdier
29:28 Elite Battle Elephant
31:56 Crop Rotation
32:08 Plate Barding Armor
31:24 Fletching
31:41 Elite Battle Elephant
35:19 Conscription
38:06 Hoardings
38:22 Coinage
39:15 Bodkin Arrow
40:21 Blast Furnace
40:21 Bracer
39:46 Capped Ram
40:56 Siege Ram
42:31 Padded Archer Armor
The Get Sum
8:09 Feudal Age
12:36 Castle Age
11:13 Wheelbarrow
14:08 Double-Bit Axe
14:06 Horse Collar
17:14 Imperial Age
14:53 Double-Bit Axe
17:21 Chemistry
18:16 Bow Saw
28:39 Loom
30:51 Padded Archer Armor
31:20 Masonry
31:19 Siege Engineers
34:43 Town Watch
36:36 Heavy Plow
37:20 Fortified Wall
40:44 Hand Cart
Don JaMaL
7:48 Feudal Age
9:11 Double-Bit Axe
11:52 Castle Age
11:36 Wheelbarrow
10:58 Gold Mining
11:12 Horse Collar
14:45 Bow Saw
15:11 Heavy Plow
19:44 Loom
20:35 Wheelbarrow
21:13 Scale Mail Armor
21:23 Forging
22:15 Ballistics
21:59 Scale Mail Armor
24:58 Imperial Age
23:19 Stone Mining
24:07 Chain Mail Armor
24:03 Forging
24:34 Hand Cart
24:05 Town Watch
25:00 Pikeman
25:40 Squires
25:26 Arson
26:15 Plate Mail Armor
25:50 Gambesons
26:08 Halberdier
27:54 Conscription
27:37 Onager
29:02 Town Patrol
32:35 Chemistry
31:47 Careening
33:44 Siege Onager
35:36 Man-at-Arms
36:44 Elite Teutonic Knight
38:09 Long Swordsman
38:59 Long Swordsman
40:12 Two-Handed Swordsman
Taisst
7:43 Feudal Age
11:25 Castle Age
9:13 Double-Bit Axe
10:35 Horse Collar
12:27 Bow Saw
12:53 Heavy Plow
17:18 Loom
18:09 Wheelbarrow
18:45 Gold Mining
18:43 Town Watch
20:41 Hand Cart
20:13 Loom
21:54 Bloodlines
21:45 Husbandry
21:57 Forging
23:14 Gold Shaft Mining
25:23 Imperial Age
23:09 Scale Barding Armor
23:31 Forging
24:22 Bloodlines
24:13 Husbandry
25:07 Chain Barding Armor
26:17 Iron Casting
25:43 Heavy Camel Rider
27:40 Plate Barding Armor
28:37 Blast Furnace
29:43 Ballistics
30:23 Chemistry
29:14 Fletching
29:29 Imperial Camel Rider
31:06 Siege Engineers
30:35 Light Cavalry
31:30 Siege Elephant
33:54 Hussar
35:17 Pikeman
35:57 Squires
35:58 Scale Mail Armor
38:14 Chain Mail Armor
Skrillll
6:52 Feudal Age
8:29 Double-Bit Axe
10:47 Castle Age
8:48 Horse Collar
12:38 Bow Saw
13:56 Heavy Plow
17:45 Wheelbarrow
18:58 Hand Cart
19:38 Scale Barding Armor
19:35 Loom
21:01 Gold Mining
21:23 Town Watch
22:12 Chain Barding Armor
22:14 Forging
23:11 Husbandry
23:17 Squires
22:43 Man-at-Arms
26:30 Imperial Age
24:12 Scale Mail Armor
23:38 Pikeman
25:30 Chain Mail Armor
25:51 Iron Casting
26:44 Halberdier
27:55 Plate Mail Armor
27:01 Long Swordsman
28:43 Blast Furnace
29:17 Two-Man Saw
27:53 Two-Handed Swordsman
28:58 Conscription
30:02 Caravan
30:52 Plate Barding Armor
30:28 Bloodlines
32:10 Champion
32:52 Druzhina
35:22 Onager
35:51 Elite Boyar
38:43 Crop Rotation
Connection lost

Rejoining the realm…

Still unreachable

The connection could not be restored.

Session expired

The server has moved on; the page needs a fresh start.